Map: Ascension to Aiur LE

Players

IIIIIIIIIIII

  • Race: Protoss Protoss
  • League: Master
  • Spawn Location: 11:00

IIIIIIIIIIII - Winner!

  • Race: Protoss Protoss
  • League: Grandmaster
  • Spawn Location: 5:00

VOD

Have the link to the VOD?

Description

Time

  • Played on: July 9, 2017, 11:17 p.m.
  • Length: 13:51
Show
View Real Time Build Order
Export as new Build Order

IIIIIIIIIIII Protoss 

Build Orders: Blink Stalkers 

Get SALT Encoding   

  12  0:01  Probe (Chrono Boost)  
  13  0:12  Probe (Chrono Boost)  
  14  0:17  Pylon  
  14  0:22  Probe (Chrono Boost)  
  15  0:35  Probe (Chrono Boost)  
  16  0:37  Gateway  
  16  0:44  Assimilator  
  16  0:50  Assimilator  
  16  0:52  Probe (Chrono Boost)  
  17  1:03  Probe (Chrono Boost)  
  18  1:11  Gateway  
  18  1:13  Probe (Chrono Boost)  
  19  1:24  Probe (Chrono Boost)  
  19  1:25  Cybernetics Core  
  20  1:35  Probe (Chrono Boost), Pylon  
  21  1:45  Probe (Chrono Boost)  
  22  1:55  Probe (Chrono Boost)  
  23  2:02  Warp Gate (Chrono Boost), Adept  
  23  2:03  Adept  
  23  2:07  Mothership Core (Chrono Boost)  
  29  2:11  Pylon  
  29  2:31  Stalker x2  
  33  2:56  Nexus  
  33  2:59  Probe  
  34  3:17  Twilight Council  
  34  3:18  Probe  
  33  3:30  Probe (Chrono Boost)  
  33  3:31  Sentry  
  33  3:33  Robotics Facility  
  34  3:43  Pylon  
  34  3:49  Probe (Chrono Boost)  
  35  3:58  Blink  
  35  4:00  Probe (Chrono Boost)  
  36  4:03  Stalker  
  38  4:13  Stalker  
  38  4:17  Probe (Chrono Boost)  
  41  4:18  Probe (Chrono Boost)  
  42  4:25  Observer  
  42  4:27  Probe (Chrono Boost)  
  42  4:28  Probe (Chrono Boost)  
  45  4:35  Forge  
  45  4:38  Probe (Chrono Boost)  
  46  4:39  Probe (Chrono Boost)  
  47  4:48  Probe (Chrono Boost), Immortal  
  47  4:49  Probe (Chrono Boost)  
  53  4:59  Probe (Chrono Boost)  
  54  5:00  Probe (Chrono Boost)  
  54  5:02  Pylon  
  55  5:09  Probe (Chrono Boost)  
  55  5:10  Probe (Chrono Boost), Protoss Ground Weapons Level 1 (Chrono Boost)  
  55  5:13  Assimilator  
  57  5:20  Probe (Chrono Boost)  
  57  5:21  Probe (Chrono Boost)  
  59  5:25  Pylon  
  59  5:29  Immortal  
  59  5:30  Probe (Chrono Boost)  
  59  5:31  Probe (Chrono Boost)  
  65  5:41  Probe (Chrono Boost)  
  66  5:43  Probe (Chrono Boost)  
  66  5:47  Pylon  
  67  5:51  Probe (Chrono Boost), Nexus  
  67  5:54  Pylon  
  67  5:55  Sentry x2  
  72  6:03  Probe (Chrono Boost)  
  73  6:07  Assimilator  
  73  6:11  Immortal  
  73  6:16  Gateway  
  73  6:17  Gateway  
  77  6:27  Gateway, Sentry x2  
  77  6:31  Gateway  
  81  6:33  Gateway  
  81  6:40  Pylon  
  81  6:46  Charge  
  81  6:48  Pylon  
  81  6:49  Immortal  
  85  7:04  Probe, Protoss Ground Weapons Level 2 (Chrono Boost)  
  85  7:05  Probe  
  85  7:06  Probe  
  88  7:09  Pylon  
  88  7:15  Probe, Pylon  
  88  7:20  Pylon  
  89  7:26  Immortal  
  89  7:27  Templar Archives  
  89  7:28  Probe  
  89  7:29  Probe  
  91  7:31  Probe  
  91  7:35  Assimilator  
  96  7:39  Assimilator  
  96  7:40  Probe  
  96  7:41  Probe x2  
  99  7:45  Photon Cannon  
  99  7:52  Probe  
  99  7:53  Probe  
  99  7:54  Probe  
  102  8:02  Immortal  
  102  8:04  Probe  
  104  8:05  Probe  
  104  8:06  Probe  
  104  8:10  Gateway  
  109  8:16  Probe  
  110  8:20  Probe  
  110  8:21  Stalker  
  110  8:24  Stargate  
  113  8:32  Probe x2  
  113  8:33  Probe  
  116  8:34  Nexus  
  116  8:36  Pylon  
  116  8:38  Stargate  
  112  8:57  Immortal  
  112  9:01  Pylon  
  116  9:03  Photon Cannon  
  116  9:06  Dark Shrine  
  116  9:08  Phoenix (Chrono Boost)  
  116  9:11  Protoss Ground Weapons Level 3 (Chrono Boost)  
  112  9:22  Phoenix (Chrono Boost)  
  114  9:28  High Templar x2  
  114  9:29  Zealot x6  
  131  9:31  Phoenix (Chrono Boost)  
  131  9:32  Archon  
  131  9:34  Pylon  
  131  9:35  Immortal, Pylon  
  131  9:38  Immortal x2  
  135  9:52  Photon Cannon  
  135  9:57  Assimilator  
  135  10:01  Assimilator  
  135  10:10  High Templar x2  
  135  10:11  High Templar x2, Zealot x4  
  145  10:15  Archon x2  
  145  10:20  Phoenix x2 (Chrono Boost)  
  149  10:27  Immortal, Pylon  
  149  10:35  Gateway  
  153  10:36  Gateway  
  153  10:37  Pylon  
  153  10:39  Photon Cannon  
  153  10:40  High Templar x2  
  157  10:43  Photon Cannon  
  157  10:45  Archon  
  157  10:46  High Templar x2  
  161  10:55  Archon  
  161  10:57  Pylon  
  161  10:58  Phoenix x2 (Chrono Boost)  
  164  11:15  Warp Prism  
  164  11:16  Zealot x6  
  162  11:37  Dark Templar x4  
  168  11:47  High Templar x2  
  168  11:48  Protoss Ground Armor Level 1, Zealot x2  
  168  11:52  Gateway  
  168  11:53  Gateway, Archon  
  176  11:57  Gateway  
  176  11:59  Gateway  
  176  12:07  Phoenix (Chrono Boost), Immortal  
  168  12:26  Fleet Beacon  
  152  12:38  High Templar x4  
  152  12:39  High Templar x2  
  152  12:40  Zealot x4  
  172  12:46  Archon x2  
  172  12:47  Archon  
  170  12:53  Phoenix x2 (Chrono Boost), Nexus  
  166  13:11  Zealot x7  
  166  13:12  Zealot x2  
  170  13:21  Stalker x3  
  158  13:33  Stalker x4  
  128  13:37  Stalker  
Show
View Real Time Build Order
Export as new Build Order

IIIIIIIIIIII Protoss - Winner!

Build Orders:  

Get SALT Encoding   

  12  0:00  Probe (Chrono Boost)  
  13  0:11  Probe (Chrono Boost)  
  14  0:18  Pylon  
  14  0:22  Probe (Chrono Boost)  
  15  0:36  Probe (Chrono Boost), Gateway  
  15  0:41  Assimilator  
  16  0:47  Probe (Chrono Boost)  
  17  0:50  Assimilator  
  17  0:57  Probe (Chrono Boost)  
  18  1:06  Gateway  
  18  1:08  Probe (Chrono Boost)  
  20  1:18  Probe (Chrono Boost)  
  20  1:26  Cybernetics Core  
  20  1:29  Probe (Chrono Boost)  
  21  1:34  Pylon  
  21  1:39  Probe (Chrono Boost)  
  22  1:50  Probe (Chrono Boost)  
  23  2:02  Stalker x2  
  23  2:03  Warp Gate (Chrono Boost)  
  27  2:10  Mothership Core  
  27  2:14  Pylon  
  29  2:31  Probe  
  29  2:33  Stalker x2  
  34  3:01  Nexus  
  34  3:02  Probe  
  35  3:10  Pylon  
  34  3:14  Probe  
  35  3:22  Pylon  
  35  3:27  Probe  
  35  3:35  Robotics Facility  
  35  3:39  Probe (Chrono Boost)  
  36  3:50  Probe (Chrono Boost)  
  36  3:52  Sentry  
  39  3:57  Twilight Council  
  39  4:00  Forge  
  39  4:04  Probe (Chrono Boost)  
  40  4:14  Probe (Chrono Boost)  
  40  4:16  Probe (Chrono Boost)  
  41  4:23  Observer (Chrono Boost)  
  43  4:25  Probe  
  43  4:26  Probe  
  45  4:33  Protoss Ground Weapons Level 1 (Chrono Boost)  
  45  4:35  Blink  
  45  4:37  Probe  
  45  4:38  Probe  
  47  4:40  Immortal  
  51  4:49  Probe  
  51  4:50  Probe  
  53  4:58  Pylon  
  53  5:01  Probe  
  53  5:02  Probe  
  55  5:10  Pylon  
  55  5:11  Assimilator  
  55  5:12  Assimilator  
  55  5:13  Probe  
  56  5:14  Probe  
  56  5:16  Immortal  
  61  5:25  Probe  
  61  5:26  Probe  
  63  5:29  Sentry  
  65  5:37  Probe  
  65  5:38  Probe, Pylon  
  66  5:49  Probe  
  67  5:50  Probe  
  67  5:52  Observer  
  67  5:56  Sentry  
  71  6:01  Probe  
  71  6:03  Probe  
  73  6:04  Gateway  
  73  6:05  Gateway  
  73  6:07  Gateway  
  73  6:10  Gateway  
  73  6:13  Probe  
  73  6:14  Pylon  
  74  6:19  Immortal  
  74  6:21  Protoss Ground Weapons Level 2 (Chrono Boost)  
  78  6:39  Nexus  
  78  6:42  Pylon  
  78  6:43  Probe x2  
  80  6:50  Sentry x2  
  84  6:55  Probe x2  
  84  7:01  Robotics Bay, Immortal  
  86  7:04  Sentry  
  92  7:09  Probe  
  92  7:10  Probe  
  94  7:15  Pylon  
  94  7:17  Pylon  
  95  7:22  Probe  
  95  7:23  Probe  
  96  7:30  Pylon  
  96  7:32  Stalker x2  
  100  7:39  Stalker x2  
  100  7:40  Probe  
  100  7:43  Disruptor  
  105  7:50  Probe  
  108  7:52  Probe  
  110  8:02  Stalker x2  
  114  8:07  Pylon  
  114  8:10  Assimilator  
  114  8:11  Assimilator  
  114  8:17  Photon Cannon  
  114  8:18  Disruptor  
  114  8:20  Protoss Ground Weapons Level 3 (Chrono Boost), Pylon  
  114  8:21  Photon Cannon  
  117  8:28  Probe x2  
  119  8:47  Pylon  
  116  8:54  Disruptor  
  116  9:01  Protoss Air Weapons Level 1  
  116  9:02  Stargate  
  118  9:03  Probe  
  119  9:17  Probe x2  
  121  9:26  Stargate  
  121  9:27  Stargate  
  121  9:28  Nexus  
  121  9:30  Gateway  
  121  9:31  Pylon  
  124  9:32  Gateway  
  124  9:35  Pylon  
  124  9:36  Probe  
  122  9:40  Stargate  
  122  9:43  Gateway  
  122  9:45  Fleet Beacon  
  122  9:55  Charge  
  122  10:01  Zealot x6  
  134  10:19  Probe x2, Templar Archives  
  136  10:24  Assimilator  
  142  10:28  Protoss Shields Level 1 (Chrono Boost)  
  142  10:29  Assimilator, Carrier x2 (Chrono Boost)  
  142  10:33  Photon Cannon  
  148  10:36  Photon Cannon  
  148  10:48  Probe  
  148  10:49  Probe  
  156  10:54  Probe x2  
  156  10:56  Carrier (Chrono Boost)  
  158  10:58  Probe  
  158  11:00  Carrier (Chrono Boost)  
  165  11:08  Probe  
  165  11:10  Pylon  
  165  11:11  Graviton Catapult  
  164  11:13  Pylon x2  
  164  11:15  Pylon x2, Disruptor  
  165  11:22  Probe x3  
  167  11:31  Zealot x3  
  173  11:33  Archon  
  173  11:34  Archon x2  
  173  11:35  Probe  
  173  11:36  Photon Cannon  
  173  11:37  Probe  
  173  11:38  Probe  
  176  11:44  Probe  
  176  11:45  Photon Cannon  
  177  11:57  Carrier (Chrono Boost)  
  184  12:05  Carrier (Chrono Boost)  
  184  12:06  Probe  
  190  12:12  Observer  
  190  12:13  Photon Cannon  
  190  12:17  Zealot x2  
  190  12:20  Photon Cannon  
  180  12:24  Archon x2  
  180  12:28  Zealot x4  
  180  12:29  Zealot  
  188  12:37  Probe x3  
  181  12:39  Probe  
  179  12:48  Photon Cannon  
  178  12:52  Photon Cannon  
  181  13:08  Pylon  
  181  13:11  Pylon  
  177  13:19  Stalker x3  
  172  13:20  Stalker x4  
  155  13:34  Stalker x2  
  144  13:43  Zealot x2  
  142  13:49  Pylon  
Tags
 
Add a new tag
Caveats
  • Supply blocks, unpowered buildings, or Contaminate may cause inaccurate times.
  • Supply counts are checked every 10 seconds.